cohdb
Replays
Latest Replays
All Replays
Popular Replays
Top Player Replays
Match Explorer
How It Works
Community
CoH3 Stats
Reddit
Sign in to upload your games and track your stats! →
Sign in with Steam
demo charge makes bunkers cry
Match 15775616
Overview
Messages
Build Orders
End
Selects Italian Coastal Battlegroup
Selects Coastal Reserves
Kettenkrad Recon Vehicle
Coastal Reserve
Coastal Reserve
Coastal Reserve
Construct Infanterie Kompanie
Medical Bunker
Selects Artillery Officer
Artillery Officer
Construct Panzergrenadier Kompanie
MG 42 Machine Gun Team
Medical Bunker
Support Elements
Nebelwerfer 42 Rocket Launcher Team
Selects Support Bunkers
Selects Designated Artillery Overwatch
StuG III G Assault Gun
Medical Bunker
StuG III G Assault Gun
Panzergrenadier Officer Quarters
Pioneer Squad
Anti-tank Bunker
Pioneer Squad
Construct Panzer Kompanie
Designated Artillery Overwatch
Panzer IV Medium Tank
Medical Bunker
Stoßtruppen Squad
Panzer IV Medium Tank
Selects Call the Reserves!
Selects Obice da 210/22 Artillery Emplacement
AI Takeover
Insomniac
to hell with wizards
0
0
Comments
sign in to comment!
No comments posted yet!